Map: Blood Boil LE

Players

Juxtapose - Winner!

  • Race: Zerg Zerg
  • Spawn Location: 5:00

Sisyphus

  • Race: Zerg Zerg
  • League: Gold
  • Spawn Location: 11:00

VOD

https://youtu.be/8NlkpYV-m7w

Description

This was another really fun match, and there's no question to me that Zerg is indeed my best Race.

I was worried about an offensive Drone, basically my opponent Morphing a Spine Crawler on my own Creep, thus the reason I stopped my Creep Spread while he/she was containing me.

I also loved how his harassment actually didn't accomplish much as my economy was barely touched, and he only killed one worker from stopping my expansion into my natural, which I got up and running shortly thereafter anyway.

Time

  • Played on: June 3, 2017, 11:47 a.m.
  • Length: 7:02
Show
View Real Time Build Order
Export as new Build Order

Juxtapose Zerg - Winner!

Build Orders: Pool First 

Get SALT Encoding   

  12  0:00  Unknown  
  12  0:02  Drone  
  13  0:13  Overlord  
  13  0:21  Drone  
  14  0:33  Drone  
  15  0:40  Spawning Pool  
  14  0:45  Drone  
  14  0:47  Drone  
  16  0:55  Overlord  
  16  1:00  Drone  
  17  1:04  Extractor  
  17  1:09  Drone  
  17  1:22  Drone  
  18  1:29  Queen  
  18  1:30  Drone  
  21  1:40  Drone  
  22  1:51  Drone  
  23  2:00  Spine Crawler  
  22  2:05  Drone  
  23  2:16  Hatchery  
  23  2:21  Drone  
  23  2:36  Queen  
  25  2:37  Zergling x4  
  27  2:50  Drone x3  
  30  3:05  Overlord  
  30  3:31  Zergling x6  
  30  3:32  Extractor, Zergling x2  
  30  3:33  Metabolic Boost  
  33  3:51  Hatchery  
  33  3:52  Lair  
  30  4:20  Zergling x6  
  33  4:24  Evolution Chamber  
  33  4:30  Zergling x6  
  31  4:50  Zergling x4  
  33  5:05  Drone  
  34  5:14  Spine Crawler  
  34  5:16  Spine Crawler  
  34  5:20  Spire  
  31  5:22  Zergling x4  
  31  5:25  Drone x2  
  35  5:33  Overlord  
  35  5:34  Overlord  
  35  5:38  Queen  
  35  5:40  Queen  
  39  6:03  Zergling x6  
  42  6:05  Drone x3  
  44  6:28  Zergling x4  
  40  6:41  Drone x2  
  40  6:42  Drone x2  
Show
View Real Time Build Order
Export as new Build Order

Sisyphus Zerg 

Build Orders: Pool First 

Get SALT Encoding   

  12  0:00  Unknown  
  12  0:02  Drone  
  13  0:11  Drone  
  14  0:14  Extractor  
  14  0:18  Drone  
  15  0:35  Spawning Pool  
  14  0:45  Overlord  
  14  1:14  Hatchery  
  13  1:24  Zergling x6  
  16  1:32  Extractor  
  15  1:38  Zergling x2  
  16  1:40  Queen  
  18  1:50  Zergling x2  
  19  2:08  Drone x2  
  21  2:35  Zergling x2  
  21  2:36  Zergling x4  
  23  2:47  Zergling x4  
  24  3:00  Zergling x6  
  26  3:28  Overlord x2  
  25  3:43  Overlord x2  
  25  3:45  Metabolic Boost  
  25  3:53  Roach Warren  
  24  4:00  Drone  
  24  4:01  Drone  
  24  4:24  Drone x4  
  26  4:57  Roach x2  
  26  4:58  Roach x3  
  36  5:10  Drone x3  
  39  5:23  Drone x2  
  41  5:29  Lair, Extractor  
  41  5:31  Drone x2  
  42  5:41  Queen  
  44  5:47  Drone  
  44  6:17  Ravager x5  
  49  6:19  Drone  
  49  6:20  Drone  
  34  6:35  Roach x4  
  34  6:36  Roach x2  
  43  6:50  Extractor  
  43  6:51  Extractor  
Tags
 
League
Gold
Matchup
ZvZ
Race
Zerg
Spawn Locations
Cross Positions
Add a new tag
Caveats
  • Supply blocks, unpowered buildings, or Contaminate may cause inaccurate times.
  • Supply counts are checked every 10 seconds.